cohdb
Replays
Latest Replays
All Replays
Popular Replays
Top Player Replays
Match Explorer
How It Works
Community
CoH3 Stats
Reddit
Sign in to upload your games and track your stats! →
Sign in with Steam
Match 41309079
Unlisted
Match 41309079
Overview
Messages
Build Orders
End
Royal Engineer Section
Construct Section Command Post
Selects Canadian Shock Battlegroup
Infantry Section
Infantry Section
Vickers Machine Gun Team
Selects Attacking Spirit
Selects Canadian Shock Section
Construct Platoon Command Post
Selects Incendiary Munitions
Humber Armored Car
Canadian Shock Section
Grenade Package
Construct Field Infirmary
Selects Pyrotechnics
Royal Engineer Section
6-pounder Anti-tank Gun Team
Bootyquake
JohnThicc
0
0
Comments
sign in to comment!
No comments posted yet!